 Dungeon Crawl Stone Soup version 0.23.0-33-g5e6c059 (webtiles) character file.

Game seed: 17600462498578091009

22151 Kairos the Basher (level 13, -9/105 HPs)
             Began as a Formicid Abyssal Knight on Feb 26, 2019.
             Was a High Priest of Lugonu.
             Mangled by a hippogriff (23 damage)
             ... on level 6 of the Lair of Beasts.
             The game lasted 00:33:44 (16727 turns).

Kairos the Basher (Formicid Abyssal Knight)        Turns: 16727, Time: 00:33:45

Health: -9/105     AC: 13    Str: 22    XL:     13   Next: 25%
Magic:  16/16      EV: 10    Int: 12    God:    Lugonu [*****.]
Gold:   1013       SH:  0    Dex: 14    Spells: 12/12 levels left

rFire    . . .     SeeInvis +   t - +2 dire flail (protect)
rCold    . . .     Gourm    .   C - +0 buckler
rNeg     . . .     Faith    .   p - +0 chain mail {rPois}
rPois    +         Spirit   .   (helmet unavailable)
rElec    .         Reflect  .   v - +0 cloak
rCorr    .         Harm     .   (no gloves)
MR       +....                  (no boots)
Stlth    ..........             G - amulet of magic regeneration
HPRegen  0.67/turn              q - +2 ring of dexterity
MPRegen  0.40/turn              w - +2 ring of dexterity

@: sleeping
A: permanent stasis, dig shafts and tunnels, four strong arms, antennae 3,
talons 1, regeneration 1, screaming 1
a: Dig, Shaft Self, Depart the Abyss, Bend Space, Banish, Corrupt, Enter the
Abyss, Renounce Religion


You were on level 6 of the Lair of Beasts.
You worshipped Lugonu.
Lugonu was extremely pleased with you.
You were not hungry.

You visited 2 branches of the dungeon, and saw 15 of its levels.
You visited the Abyss 1 time.

You collected 1013 gold pieces.

Inventory:

Hand Weapons
 d - a +1 whip of freezing
 e - the +6 hand crossbow of the Candle {penet, Str+2 Stlth+}
   (You found it on level 2 of the Abyss)

   Ammo fired by it will pass through the targets it hits, potentially hitting
   all targets in its path until it reaches maximum range.
   It affects your strength (+2).
   It makes you more stealthy.
 g - a +0 trident
 t - a +2 dire flail of protection (weapon)
 B - the +6 dagger of Righteous Anger {drain, SInv}
   (You took it off a centaur on level 8 of the Dungeon)

   A truly terrible weapon, it drains the life of those it strikes.
   It lets you see invisible.
Missiles
 a - 3 tomahawks
 b - a throwing net (quivered)
 n - 5 bolts
Armour
 p - a +0 chain mail of poison resistance (worn)
 v - a +0 cloak (worn)
 C - a +0 buckler (worn)
Jewellery
 q - a +2 ring of dexterity (left hand)
 u - an uncursed ring of resist corrosion
 w - a +2 ring of dexterity (right hand)
 A - an uncursed ring of flight
 G - an amulet of magic regeneration (around neck)
Wands
 j - a wand of flame (36)
 z - a wand of paralysis (6)
 E - a wand of polymorph (7)
 I - a wand of clouds (4)
 M - a wand of random effects (15)
 N - a wand of enslavement (8)
Scrolls
 h - 2 scrolls of immolation
 k - 5 scrolls of remove curse
 l - a scroll of identify
 m - 2 scrolls of fog
 o - a scroll of enchant weapon {unknown}
 r - a scroll of amnesia {unknown}
 s - 3 scrolls of teleportation {unknown}
 x - 2 scrolls of blinking {unknown}
 y - a scroll of holy word {unknown}
 D - a scroll of magic mapping {unknown}
 H - a scroll of enchant armour {unknown}
 J - a scroll of fear {unknown}
Potions
 f - a potion of flight
 i - 2 potions of curing
 F - a potion of invisibility {unknown}
 K - a potion of haste {unknown}
 L - a potion of agility {unknown}
Comestibles
 c - 11 rations


   Skills:
 + Level 10.8 Fighting
 + Level 12.8 Maces & Flails
 + Level 6.2 Polearms
 + Level 1.9 Crossbows
 + Level 0.2 Throwing
 + Level 11.3 Armour
 + Level 3.1 Dodging
 + Level 3.5 Stealth
 + Level 4.2 Shields
 * Level 4.9 Invocations


You had 12 spell levels left.
You didn't know any spells.
Your spell library contained the following spells:

 Spells                   Type           Power        Failure   Level  Hunger
 Beastly Appendage        Tmut           #.....       88%         1    ##.....
 Sticks to Snakes         Tmut           #.......     96%         2    ###....
 Spider Form              Tmut/Pois      #.........   99%         3    ####...
 Ice Form                 Ice/Tmut       #.......     100%        4    #####..
 Blade Hands              Tmut           #.........   100%        5    ######.


Dungeon Overview and Level Annotations

Branches:
Dungeon (11/15)            Temple (0/1) D:7            Lair (3/6) D:11
 Spider (0/4) Lair:2          Orc (0/2) D:9
  Swamp: Lair:2-4    Shoals: Lair:2-4

Altars:
Ashenzari
Zin

Shops:
D:6 %   D:9 %

Annotations:
D:4 2 runed translucent doors, Theodorus's ghost, amateur CeHu
D:6 1 exclusion


Innate Abilities, Weirdness & Mutations

You cannot be hasted, slowed, berserked, paralysed or teleported.
You can dig through walls and to a lower floor.
Your four strong arms can wield two-handed weapons with a shield.
You have a pair of large antennae on your head. (SInv)
You have sharp toenails.
Your natural rate of healing is unusually fast.
You occasionally shout uncontrollably at your foes.


Message History

The dream sheep bites you but does no damage. x2
You turn to flesh and can move again.
You fail to use your ability.
The black mamba closely misses you. The hippogriff closely misses you.
You block the hippogriff's attack. The hippogriff misses you.
The basilisk hisses menacingly.
The basilisk gazes at you.
You easily resist.
The black mamba bites you.
* * * LOW HITPOINT WARNING * * *
The dream sheep closely misses you.
The dream sheep bites you but does no damage.
You block the dream sheep's attack. Space bends around you!
You blink.
The dream sheep shake their wool and sparkle.
You feel drowsy...
You fall asleep.
The dream sheep bites the plant!
The black mamba bites the plant! x2
The dream sheep bites the fungus.
The black mamba bites the fungus!
The black mamba bites the fungus.
The dream sheep bites the fungus!
The hippogriff bites you!!
You die...

##.P..... ### #.........
...# #......... #.PP#.
###........ #..P..
#........#
...PP.####...P...###
........##..S.l....##
#..........YPYH@...#
#.........YSYPY.....#
#...........P.......#
#....................#
#......P†..............
....####.........##.....
.... #†........# .PP..
... #!............P...
#......#.###.


You could see a hippogriff, a black mamba, 2 yaks, a basilisk, a water moccasin
and 3 dream sheep.

Vanquished Creatures
  4 hydras
  3 two-headed ogres
  Pikel (D:4)
  A necromancer (Lair:3)
  3 elephants
  Psyche (D:11)
  2 black mambas
  5 spiny frogs
  3 komodo dragons
  A rime drake (Lair:2)
  2 trolls
  A dream sheep (Lair:6)
  3 hippogriffs (D:8)
  4 redbacks (Lair:2)
  Sigmund (D:3)
  A shadow (D:8)
  A wraith (D:11)
  Eustachio (D:6)
  12 yaks
  3 basilisks
  2 wyverns
  5 hungry ghosts
  Edmund (D:5)
  4 water moccasins
  4 porcupines
  A phantom (D:5)
  A hornet zombie (D:8)
  2 black bears
  3 elephant zombies (Lair:3)
  2 ice beasts
  4 ogres
  5 centaurs
  5 wolves (Lair:3)
  5 crocodiles
  2 big kobolds
  6 bullfrogs
  A troll zombie (D:9)
  4 scorpions
  7 killer bees
  4 wights (D:9)
  2 electric eels (Lair:3)
  A bullfrog zombie (D:8)
  4 crimson imps
  A quasit (D:9)
  A centaur zombie (D:4)
  6 hounds
  6 orc priests
  3 centaur skeletons
  2 jellies
  4 iguanas
  12 orc wizards
  3 worker ants
  2 crocodile zombies (Lair:3)
  5 ogre zombies (D:9)
  A hound zombie (D:6)
  A howler monkey zombie (D:7)
  4 gnolls
  2 worker ant zombies
  10 adders
  2 shadow imps (D:6)
  An ooze (D:3)
  An adder skeleton (D:6)
  An adder zombie (D:6)
  A worm (D:3)
  6 dart slugs
  4 leopard geckos
  36 orcs
  7 giant cockroaches
  12 goblins
  6 hobgoblins
  9 jackals
  5 quokkas
  7 bats
  2 frilled lizards
  3 goblin zombies (D:9)
  A hobgoblin skeleton (D:9)
  3 hobgoblin zombies (D:9)
  5 kobolds
  A leopard gecko skeleton (D:5)
  A leopard gecko zombie (D:6)
  6 orc skeletons (D:9)
  6 orc zombies (D:9)
  A quokka skeleton (D:9)
  A quokka zombie (D:9)
  12 rats
331 creatures vanquished.

Vanquished Creatures (others)
  An orc (D:4)
  2 fungi (Lair:6)
3 creatures vanquished.

Grand Total: 334 creatures vanquished

Notes
Turn   | Place    | Note
-------+----------+-------------------------------------------
     0 | Abyss:1  | Kairos the Formicid Abyssal Knight began the quest for the
                  | Orb.
     0 | Abyss:1  | Reached XP level 1. HP: 18/18 MP: 2/2
     5 | Abyss:1  | Found a corrupted altar of Lugonu.
    21 | Abyss:1  | Found a corrupted altar of Lugonu.
    51 | Abyss:2  | Got a steaming hand crossbow
    68 | Abyss:2  | Noticed a ynoxinul
    81 | Abyss:2  | Noticed a sixfirhy
    81 | D:1      | Escaped the Abyss
   525 | D:1      | Reached XP level 2. HP: 16/24 MP: 3/3
   671 | D:1      | Reached XP level 3. HP: 20/30 MP: 4/4
  1024 | D:1      | Reached * piety under Lugonu
  1744 | D:2      | Reached XP level 4. HP: 37/37 MP: 5/5
  2161 | D:3      | Found a faded altar of an unknown god.
  2188 | D:3      | Reached XP level 5. HP: 31/42 MP: 6/6
  2413 | D:3      | Reached skill level 1 in Dodging
  2421 | D:3      | Noticed Sigmund
  2444 | D:3      | Reached ** piety under Lugonu
  2522 | D:3      | Killed Sigmund
  2522 | D:3      | Reached skill level 1 in Stealth
  2522 | D:3      | Reached XP level 6. HP: 15/49 MP: 7/7
  3446 | D:4      | Reached XP level 7. HP: 48/55 MP: 8/8
  3564 | D:4      | Reached skill level 5 in Polearms
  3936 | D:4      | Found a runed translucent door.
  3937 | D:4      | Noticed Theodorus's ghost (amateur CeHu)
  3970 | D:4      | Reached skill level 5 in Armour
  4217 | D:4      | Noticed Pikel
  4585 | D:5      | Entered Level 5 of the Dungeon
  4611 | D:5      | Noticed Edmund
  4674 | D:5      | Killed Edmund
  4674 | D:5      | Reached XP level 8. HP: 56/61 MP: 9/9
  5047 | D:5      | Reached skill level 1 in Maces & Flails
  5177 | D:5      | Reached skill level 5 in Fighting
  5210 | D:5      | Reached skill level 2 in Maces & Flails
  5449 | D:4      | Found a runed translucent door.
  5485 | D:4      | Killed Pikel
  5485 | D:4      | Reached skill level 4 in Maces & Flails
  5485 | D:4      | Reached XP level 9. HP: 57/68 MP: 10/10
  5805 | D:6      | Reached *** piety under Lugonu
  5805 | D:6      | Reached skill level 5 in Maces & Flails
  6287 | D:6      | Reached skill level 6 in Maces & Flails
  6319 | D:6      | Noticed Eustachio
  6327 | D:6      | Killed Eustachio
  6343 | D:6      | Found Vitraklu's Food Boutique.
  7138 | D:7      | Found a staircase to the Ecumenical Temple.
  8121 | D:8      | Reached skill level 7 in Maces & Flails
  8273 | D:8      | Noticed a two-headed ogre
  8282 | D:8      | Killed a two-headed ogre
  8282 | D:8      | Reached skill level 8 in Maces & Flails
  8282 | D:8      | Reached XP level 10. HP: 57/77 MP: 11/11
  8546 | D:8      | Identified the +6 hand crossbow of the Candle {penet, Str+2
                  | Stlth+} (You found it on level 2 of the Abyss)
  8722 | D:8      | Found a glowing silver altar of Zin.
  8743 | D:8      | Reached skill level 1 in Crossbows
  8792 | D:8      | Identified the +6 dagger of Righteous Anger {drain, SInv}
  9432 | D:9      | Found Qekhler's Food Shoppe.
  9451 | D:9      | Reached skill level 9 in Maces & Flails
  9477 | D:9      | Reached **** piety under Lugonu
  9658 | D:9      | Found a staircase to the Orcish Mines.
 10017 | D:9      | Noticed a two-headed ogre
 10027 | D:9      | Killed a two-headed ogre
 10027 | D:9      | Reached XP level 11. HP: 55/86 MP: 12/12
 10507 | D:9      | Reached skill level 10 in Maces & Flails
 10526 | D:9      | Found a shattered altar of Ashenzari.
 10526 | D:9      | Identified the +1 leather armour "Lierohat" {+Fly rPois
                  | rC+}
 10934 | D:10     | Entered Level 10 of the Dungeon
 11187 | D:10     | Reached ***** piety under Lugonu
 11551 | D:10     | Noticed a two-headed ogre
 11562 | D:10     | Killed a two-headed ogre
 11587 | D:10     | Reached skill level 1 in Shields
 12487 | D:11     | Noticed Psyche
 12487 | D:11     | Noticed a five-headed hydra
 12488 | D:11     | Noticed an elephant
 12489 | D:11     | Found a staircase to the Lair.
 12503 | D:11     | Killed a five-headed hydra
 12508 | D:11     | Killed Psyche
 12508 | D:11     | Reached skill level 11 in Maces & Flails
 12538 | D:11     | Reached skill level 10 in Armour
 12546 | D:11     | Gained mutation: You occasionally shout uncontrollably at
                  | your foes. [potion of mutation]
 12546 | D:11     | Gained mutation: You have sharp toenails. [potion of
                  | mutation]
 12546 | D:11     | Gained mutation: Your natural rate of healing is unusually
                  | fast. [potion of mutation]
 12842 | D:10     | Killed an elephant
 12842 | D:10     | Reached XP level 12. HP: 92/96 MP: 13/13
 13462 | Lair:1   | Entered Level 1 of the Lair of Beasts
 13595 | Lair:1   | Reached skill level 10 in Fighting
 13994 | Lair:1   | Noticed a seven-headed hydra
 14007 | Lair:1   | Killed a seven-headed hydra
 15000 | Lair:2   | Found a hole to the Spider Nest.
 15010 | Lair:2   | Reached skill level 12 in Maces & Flails
 15455 | Lair:2   | Noticed an eight-headed hydra
 15490 | Lair:2   | Killed an eight-headed hydra
 15979 | Lair:3   | Reached XP level 13. HP: 43/104 MP: 16/16
 15991 | Lair:3   | HP: 4/104 [komodo dragon (24)]
 16553 | Lair:3   | Noticed a seven-headed hydra
 16561 | Lair:3   | Killed a seven-headed hydra
 16674 | Lair:3   | You fall through a shaft for 3 floors!
 16674 | Lair:6   | Entered Level 6 of the Lair of Beasts
 16727 | Lair:6   | Mangled by a hippogriff

Skill      XL: |  1  2  3  4  5  6  7  8  9 10 11 12 |
---------------+-------------------------------------+-----
Fighting       | 4 5 6 8 9 10 | 10.8
Polearms       | 3 4 6 |  6.2
Armour         | 3 4 5 6 7 8 10 11 | 11.3
Dodging        | 1 2 3 |  3.1
Stealth        | 1 2 3 |  3.5
Maces & Flails | 4 8 9 11 12 | 12.8
Crossbows      | 1 |  1.9
Shields        | 1 4 |  4.2
Invocations    | 4 |  4.9
Throwing       | |  0.2

Action                   |  1- 3 |  4- 6 |  7- 9 | 10-12 | 13-15 || total
-------------------------+-------+-------+-------+-------+-------++-------
Melee: Whip              |    14 |       |       |       |       ||    14
       Spear             |    87 |   236 |    58 |       |       ||   381
       Trident           |       |       |    76 |       |       ||    76
       Dire flail        |       |       |   268 |   755 |   114 ||  1137
       Kick              |       |       |       |   113 |    44 ||   157
 Fire: Hand crossbow     |       |       |       |    21 |       ||    21
Throw: Throwing net      |       |       |     1 |       |       ||     1
       Tomahawk          |       |       |       |     1 |       ||     1
Invok: Depart the Abyss  |     1 |       |       |       |       ||     1
       Bend Space        |       |       |       |     2 |     1 ||     3
 Abil: Dig               |       |     1 |     2 |     4 |       ||     7
Evoke: Wand              |       |       |       |     1 |       ||     1
  Use: Scroll            |       |     3 |     2 |     1 |     2 ||     8
       Potion            |       |       |     4 |     9 |       ||    13
 Stab: Held in net/web   |       |       |     1 |       |       ||     1
  Eat: Chunk             |     2 |     6 |     7 |     8 |     2 ||    25
       Ration            |       |       |     4 |    13 |       ||    17
Armor: Leather armour    |     2 |       |       |       |       ||     2
       Ring mail         |    26 |       |       |       |       ||    26
       Chain mail        |     5 |   102 |   210 |   541 |    66 ||   924
       Skin              |       |       |    17 |       |       ||    17
Dodge: Dodged            |    32 |    61 |   137 |   346 |    50 ||   626
Block: Buckler           |       |       |       |    75 |    17 ||    92
